Cogmind - Beta 13 @@@ ROGUE MODE // 2024.04.11 @ 04:22:38 Player: Patryk Z Result: Smashed by cave-in Performance ------------- Evolutions (0) 0 Regions Visited (4) 800 Robots Destroyed (48) 240 Value Destroyed (444) 444 Prototype IDs (23) 460 Alien Tech Used (0) 0 Bonus (300) 300 TOTAL SCORE: 2244 Bonus ------- Aligned with FarCom 300 Cogmind --------- Core Integrity 0/250 Matter 234/300 Energy 100/100 System Corruption 8% Temperature Cool (0) Movement Core (450) Ox8 Location -9/Mines Parts ------- > --- POWER (1) -------- (None) > --- PROPULSION (2) --- (None) > --- UTILITY (2) ------ Large Storage Unit Sensor Array > --- WEAPON (2) ------- Rocket Launcher Hammer > --- INVENTORY (15) --- Light Ion Engine Wheel Wheel Compact Matter Pod (150) Structural Scanner Seismic Detector ECM Suite Light Armor Plating Grenade Launcher Rocket Launcher Rocket Launcher Peak State ------------ > --- POWER ------------ Ion Engine > --- PROPULSION ------- Wheel Wheel > --- UTILITY ---------- Large Storage Unit Sensor Array > --- WEAPON ----------- Rocket Launcher Rocket Launcher > --- INVENTORY -------- Light Ion Engine Wheel Compact Matter Pod Structural Scanner Seismic Detector ECM Suite Light Armor Plating Grenade Launcher Rocket Launcher Hammer [Rating: 10] Favorites ----------- Power Ion Engine Engine Ion Engine Propulsion Wheel Wheel Wheel Utility Small Storage Unit Device Sensor Array Storage Small Storage Unit Protection Light Armor Plating Weapon Light Assault Rifle Energy Gun Medium Laser Ballistic Gun Light Assault Rifle Launcher Rocket Launcher Special Weapon Mining Laser Impact Weapon Hammer Build | -11 -10 -10 -10 -9 ------- Run | Yrd Mat Min Exi Min Slots Evolved . | . . . . . Power . | . . . . . Propulsion . | . . . . . Utility . | . . . . . Weapon . | . . . . . Parts Attached 71 | 7 37 23 . 4 Power 3 | 1 1 1 . . Engine 3 | 1 1 1 . . Core . | . . . . . Reactor . | . . . . . Propulsion 5 | 2 2 . . 1 Treads . | . . . . . Leg . | . . . . . Wheel 5 | 2 2 . . 1 Hover . | . . . . . Flight . | . . . . . Utility 31 | 2 8 18 . 3 Device 27 | 1 7 16 . 3 Storage 2 | 1 1 . . . Processor . | . . . . . Hackware . | . . . . . Protection 2 | . . 2 . . Artifact . | . . . . . Weapon 32 | 2 26 4 . . Energy Gun 1 | 1 . . . . Energy Cannon . | . . . . . Ballistic Gun 10 | 1 9 . . . Ballistic Cannon . | . . . . . Launcher 5 | . 3 2 . . Special Weapon 2 | . 2 . . . Impact Weapon 14 | . 12 2 . . Slashing Weapon . | . . . . . Piercing Weapon . | . . . . . Special Melee Weapon . | . . . . . Unidentified Prototypes . | . . . . . Parts Lost 6 | . 2 1 . 3 Power 2 | . . 1 . 1 Propulsion 3 | . 1 . . 2 Utility 1 | . 1 . . . Weapon . | . . . . . Highest Loss Streak 3 | . 2 1 . 3 To Critical Strikes . | . . . . . Average Slot Usage (%) 98 | . 99 100 96 97 Engine 14 | . 14 14 14 14 Wheel 27 | . 27 28 28 28 Device 12 | . 13 13 10 11 Storage 14 | . 14 14 14 14 Ballistic Gun 10 | . 15 . . . Launcher 6 | . 2 15 14 14 Impact Weapon 10 | . 8 12 14 14 Naked Turns . | . . . . . Heaviest Build 34 | 14 32 34 32 32 Greatest Support 26 | 26 26 20 20 26 Greatest Overweight (x) 1 | . 1 1 1 1 Average Overweight (x) . | . . 1 1 1 Largest Inventory Capacity 15 | 8 15 15 15 15 Average Capacity 10 | 7 9 15 15 15 Most Carried 12 | 3 9 11 11 12 Average Carried 7 | 1 6 9 10 11 Final Capacity 15 | 8 15 15 15 15 Final Carried 11 | 3 9 10 11 11 Class Distribution -------------------- 97% | Mutant Dominant Class ---------------- Mutant | -10/Materials Mutant | -10/Mines Mutant | -10/Exiles Assassin | -9/Mines Resources | -11 -10 -10 -10 -9 ----------- Run | Yrd Mat Min Exi Min Matter Collected 1024 | 274 419 299 . 32 Remotely . | . . . . . Salvage Created 1523 | 183 1075 226 . 39 Parts 65 | 10 28 19 . 8 Haulers Intercepted 1 | . 1 . . . Recyclers Shooed 9 | . 8 1 . . Parts Field Recycled . | . . . . . Retrieved Matter . | . . . . . Parts Self-Destructed . | . . . . . Prevented . | . . . . . Kills | -11 -10 -10 -10 -9 ------- Run | Yrd Mat Min Exi Min Combat Hostiles Destroyed 11 | . 2 5 . 4 Guns 2 | . 2 . . . AOE 9 | . . 5 . 4 Classes Destroyed 8 | 2 5 1 . . Worker 6 | . 4 2 . . Builder 13 | . 12 1 . . Tunneler 7 | 4 2 . . 1 Hauler 1 | . 1 . . . Recycler 9 | 1 7 1 . . Watcher 1 | . 1 . . . Swarmer 7 | . . 3 . 4 Grunt 4 | . 2 2 . . Best Kill Streak 5 | 3 2 3 . 5 Combat Bots Only 4 | . 2 3 . 4 Max Kills in Single Turn 3 | 1 1 3 . 3 Gunslinging . | . . . . . Exploded 3 | . . 3 . 3 Melee . | . . . . . Uniques/NPCs Destroyed . | . . . . . Combat | -11 -10 -10 -10 -9 -------- Run | Yrd Mat Min Exi Min Hostile Shots Fired 27 | . 14 8 . 5 Missed 5 | . 2 3 . . Damage Taken 746 | . 206 99 . 441 Core 256 | . 40 9 . 207 Absorbed by Shields . | . . . . . Regen/Repaired (Parts) 12 | . 12 . . . Core Remaining (%) 100 | 100 . . . . Volleys Fired 73 | 14 52 5 . 2 Largest 2 | 2 2 1 . 1 Hottest 100 | 70 100 33 . 33 Shots Fired 136 | 28 101 5 . 2 Gun 127 | 28 99 . . . Cannon . | . . . . . Launcher 8 | . 1 5 . 2 Special 1 | . 1 . . . Kinetic 113 | 14 99 . . . Thermal 15 | 14 1 . . . Explosive 8 | . 1 5 . 2 Electromagnetic . | . . . . . Robot Hit Streak 13 | 10 13 2 . 1 Robot Miss Streak 2 | 1 2 1 . 2 Penetration Max . | . . . . . Secondary Targets . | . . . . . Shots Hit Robots 108 | 23 75 8 . 2 Core Hits 49 | 9 25 10 . 5 Critical Kills 2 | . 2 . . . Critical Parts Destroyed 3 | . 3 . . . Critical Strikes 6 | 1 5 . . . Burn 1 | 1 . . . . Smash 5 | . 5 . . . Melee Attacks 95 | . 74 9 . 12 Impact 95 | . 74 9 . 12 Slashing . | . . . . . Piercing . | . . . . . Sneak Attacks 31 | . 25 5 . 1 Combat Hostiles . | . . . . . Follow-up Attacks . | . . . . . Damage Inflicted 2914 | 246 1762 572 . 334 Guns 584 | 246 338 . . . Cannons . | . . . . . Explosions 601 | . 28 285 . 288 Melee 1729 | . 1396 287 . 46 Ramming . | . . . . . Kinetic 420 | 82 338 . . . Thermal 164 | 164 . . . . Explosive 601 | . 28 285 . 288 Electromagnetic . | . . . . . Impact 1729 | . 1396 287 . 46 Slashing . | . . . . . Piercing . | . . . . . Highest Corruption . | . . . . . Average Corruption . | . . . . . Corruption Purged . | . . . . . Corruption Blocked . | . . . . . Overload Shots . | . . . . . Overflow Damage 588 | . 539 49 . . Projectiles . | . . . . . Explosions 13 | . . 13 . . Melee 575 | . 539 36 . . Knockbacks 5 | . 3 2 . . Impact 5 | . 3 2 . . Kinetic . | . . . . . Secondary . | . . . . . Self-Inflicted Damage 125 | . . 55 . 70 Shots 3 | . . 1 . 2 Rammed . | . . . . . Targets Rammed . | . . . . . Kicked . | . . . . . Crushed . | . . . . . Highest Temperature 80 | 80 20 2 . . Average Temperature 26 | 35 10 2 . . Received Heat Transfer 108 | . 102 6 . . Siege Activations . | . . . . . Robots Corrupted . | . . . . . Combat Hostiles . | . . . . . Parts Fried 25 | . 25 . . . Impact Corruptions 30 | . 27 3 . . Robots Melted . | . . . . . Combat Hostiles . | . . . . . Parts Melted 1 | 1 . . . . Heat Transferred 555 | 555 . . . . Parts Sabotaged . | . . . . . Parts Stolen . | . . . . . Parts Stripped . | . . . . . Power Chain Reactions . | . . . . . Alert | -11 -10 -10 -10 -9 ------- Run | Yrd Mat Min Exi Min Peak Influence 163 | 25 70 163 . 146 Initial 16 | . 16 10 . . Average 25 | 9 20 24 . 140 Maximum Alert Level . | . . . . . Low Security (%) 100 | 100 100 100 . 100 Level 1 . | . . . . . Level 2 . | . . . . . Level 3 . | . . . . . Level 4 . | . . . . . Level 5 . | . . . . . High Security . | . . . . . Max Security . | . . . . . Squads Dispatched . | . . . . . Investigation . | . . . . . Extermination . | . . . . . Reinforcement . | . . . . . Assault . | . . . . . Garrison . | . . . . . Intercept . | . . . . . Searches Triggered . | . . . . . Construction Impeded . | . . . . . Haulers Reinforced . | . . . . . Active Scanning Responses . | . . . . . Cargo Convoy Interrupts . | . . . . . Stealth | -11 -10 -10 -10 -9 --------- Run | Yrd Mat Min Exi Min Distress Signals . | . . . . . Communications Jammed . | . . . . . Distress Signals . | . . . . . Times Spotted 13 | . 4 5 . 4 Peak Tracking Total 4 | . 2 3 . 4 Tactical Retreats . | . . . . . Traps | -11 -10 -10 -10 -9 ------- Run | Yrd Mat Min Exi Min Traps Triggered 3 | . 3 . . . Indirectly . | . . . . . Trap Hack Attempts . | . . . . . Triggered . | . . . . . Disarmed . | . . . . . Reprogrammed . | . . . . . Reused . | . . . . . Traps Extracted . | . . . . . Installed . | . . . . . Triggered . | . . . . . Machines | -11 -10 -10 -10 -9 ---------- Run | Yrd Mat Min Exi Min Machines Disabled 2 | . 1 . . 1 Max in Single Turn 1 | . 1 . . 1 Machines Repaired . | . . . . . Machines Dismantled . | . . . . . Machines Sabotaged . | . . . . . Overloaded Fab Kills . | . . . . . Hacking | -11 -10 -10 -10 -9 --------- Run | Yrd Mat Min Exi Min Machines Accessed 6 | . 5 . 1 . Terminals 3 | . 3 . . . Fabricators . | . . . . . Repair Stations 1 | . 1 . . . Recycling Units 1 | . 1 . . . Scanalyzers . | . . . . . Garrison Access . | . . . . . Total Hacks 13 | . 12 . 1 . Successful 8 | . 7 . 1 . Failed 5 | . 5 . . . Catastrophic . | . . . . . Database Lockouts . | . . . . . Manual 11 | . 8 . 3 . Terminals 9 | . 9 . . . Fabricators . | . . . . . Repair Stations 2 | . 2 . . . Recycling Units 1 | . 1 . . . Scanalyzers . | . . . . . Garrison Access . | . . . . . Terminal Hacks 2 | . 1 . 1 . Branch Access Points 1 | . 1 . . . Derelict Proto ID Bank 1 | . . . 1 . Fabricator Hacks . | . . . . . Repair Station Hacks 2 | . 2 . . . Scan Component 1 | . 1 . . . Repair 1 | . 1 . . . Recycling Unit Hacks 1 | . 1 . . . Retrieve Components 1 | . 1 . . . Scanalyzer . | . . . . . Garrison Access Hacks . | . . . . . Unauthorized Hacks 3 | . 3 . . . Terminals 3 | . 3 . . . Botnet 3 | . 3 . . . Fabricators . | . . . . . Repair Stations . | . . . . . Recycling Units . | . . . . . Scanalyzers . | . . . . . Garrison Access . | . . . . . Data Cores Recovered . | . . . . . Used . | . . . . . Hacking Detections 4 | . 4 . . . Full Trace Events . | . . . . . Feedback Events . | . . . . . Feedback Blocked . | . . . . . Robot Schematics Acquired . | . . . . . Robots Built . | . . . . . Authchips . | . . . . . Time . | . . . . . Total Robot Build Rating . | . . . . . Part Schematics Acquired . | . . . . . Parts Built . | . . . . . Authchips . | . . . . . Time . | . . . . . Total Part Build Rating . | . . . . . Parts Repaired 1 | . 1 . . . Time 26 | . 26 . . . Parts Recycled . | . . . . . Recycled Matter . | . . . . . Retrieved Matter . | . . . . . Retrieved Components 7 | . 7 . . . Parts Scanalyzed . | . . . . . Part Schematics Acquired . | . . . . . Parts Damaged . | . . . . . Bothacking | -11 -10 -10 -10 -9 ------------ Run | Yrd Mat Min Exi Min Used RIF Installer . | . . . . . Robots Hacked . | . . . . . Non-combat . | . . . . . Combat . | . . . . . Robot Hacks Applied . | . . . . . Relay Couplers Released . | . . . . . Fabnet Peak Effective % . | . . . . . Robots Rewired . | . . . . . Allies Hacked . | . . . . . Hacks Repelled . | . . . . . Allies | -11 -10 -10 -10 -9 -------- Run | Yrd Mat Min Exi Min Total Allies . | . . . . . Largest Group . | . . . . . Highest-Rated Group . | . . . . . Highest-Rated Ally . | . . . . . Total Orders . | . . . . . Ally Attacks . | . . . . . Total Damage . | . . . . . Kills . | . . . . . Allies Corrupted . | . . . . . Allies Melted . | . . . . . Intel | -11 -10 -10 -10 -9 ------- Run | Yrd Mat Min Exi Min Robot Analysis Total . | . . . . . Derelict Logs Recovered . | . . . . . Drone Launches . | . . . . . Drone Recoveries . | . . . . . Exploration | -11 -10 -10 -10 -9 ------------- Run | Yrd Mat Min Exi Min Turns Passed 4167 | 136 2738 565 609 119 Spaces Moved 1927 | 66 871 277 639 74 Core 3 | 3 . . . . Treads . | . . . . . Legs . | . . . . . Wheels 1924 | 63 871 277 639 74 Hover . | . . . . . Flight . | . . . . . Fastest Speed 50 | 50 80 95 95 95 Average Speed 91 | 89 87 95 95 103 Slowest Speed 105 | 100 95 95 95 105 Overloaded Moves . | . . . . . Propulsion Burnouts . | . . . . . Robots Hopped . | . . . . . Cave-ins Triggered 1 | . . . . 1 Time Travels 1 | . . . 1 . Exploration Rate (%) 39 | 5 54 25 93 21 Regions Visited 4 Branch Regions 3 Pre-discovered Areas . | . . . . . Known Exits Taken 1 | . 1 . . . Unknown Exits Taken 3 | 1 . 1 1 . Scrap Searched 1 | . . . . 1 Spaces Dug 67 | . 26 38 . 3 Terrain Destroyed 112 | . 29 60 . 23 Melee 29 | . 25 1 . 3 Projectile 1 | . 1 . . . AOE 82 | . 3 59 . 20 Terrain Rammed . | . . . . . Walls Destroyed . | . . . . . Machines Disabled . | . . . . . Actions | -11 -10 -10 -10 -9 --------- Run | Yrd Mat Min Exi Min Total 4020 | 114 2625 547 640 94 Wait 1820 | 25 1564 230 1 . Move 1923 | 65 870 276 638 74 Hop . | . . . . . Pick Up 21 | 3 13 3 1 1 Fast Attach 17 | 7 10 . . . Attach 4 | . 2 1 . 1 Detach 4 | . 4 . . . Swap 50 | . 25 22 . 3 Drop 13 | . 11 1 . 1 Fire 73 | 14 52 5 . 2 Melee 95 | . 74 9 . 12 Ram . | . . . . . Kick . | . . . . . Crush . | . . . . . Escape Stasis . | . . . . . Rewire . | . . . . . Trap . | . . . . . Miscellaneous . | . . . . . Route ------- -11/Scrapyard -10/Materials (discovered 3 exits: [*Mat] / *Min x2) -10/Mines (discovered 2 exits: [*Mat] / *Exi) -10/Exiles (discovered 2 exits: [*Min x2]) -9/Mines History --------- Turn | Location | Event 20 | -11/Scrapyard | Discovered new exit (range 15) 137 | -11/Scrapyard | Entered Materials 324 | -10/Materials | Build established: Mutant 2498 | -10/Materials | Repaired Sensor Array 2722 | -10/Materials | Discovered new exit (range 13) 2745 | -10/Materials | Identified exit to Mines 2875 | -10/Materials | Entered Mines 3198 | -10/Mines | Discovered new exit (range 10) 3312 | -10/Mines | Assembled infested the area 3367 | -10/Mines | Met 8R-AWN 3436 | -10/Mines | Discovered new exit (range 5) 3440 | -10/Mines | Entered Exiles 3455 | -10/Exiles | Discovered new exit (range 14) 3483 | -10/Exiles | Welcomed by 8R-AWN 3501 | -10/Exiles | Met EX-HEX 3553 | -10/Exiles | Met EX-DEC 3571 | -10/Exiles | Visited The Gauntlet 3706 | -10/Exiles | Met EX-BIN 3722 | -10/Exiles | Aligned with FarCom system 3723 | -10/Exiles | Given EX-Vault access code 3764 | -10/Exiles | Opened EX-Vault 3780 | -10/Exiles | Found Chronowheel 3802 | -10/Exiles | Warned to stay clear of 0b10 Research branches 3878 | -10/Exiles | Discovered new exit (range 11) 3904 | -10/Exiles | Activated Chronowheel 3904 | -10/Exiles | Spacetime reconverged on an earlier point 4049 | -10/Exiles | Entered Mines 4110 | -9/Mines | Found a hidden stash of uninstalled traps 4128 | -9/Mines | Excavation squad dispatched 4128 | -9/Mines | A large section of the Mines collapsed 4169 | -9/Mines | Crushed by falling debris 4169 | -9/Mines | Smashed by cave-in Last Messages --------------- 04061_ Found Seismic Detector. 04061_ Found Imp. Light Cannon. 04061_ Found 15 Matter. 04062_ Acquired 15 matter. 04070_ Sneak attack on T-07 Excavator. 04070_ T-07 Excavator destroyed. 04072_ Acquired 17 matter. 04075_ Dropped Wheel. 04075_ Acquired Wheel. 04110_ A stash of uninstalled traps is collected here! 04128_ ALERT: Suspicious cave-in, suspected derelict activity in mines. Dispatching escorted excavation squad. 04169_ The unstable cave ceiling collapses. 04169_ Crushed by falling debris. 04169_ Com. Wheel destroyed. 04169_ System corrupted by crushing effect (+5). 04169_ Ion Engine destroyed. 04169_ System corrupted by crushing effect (+1). 04169_ Wheel destroyed. 04169_ System corrupted by crushing effect (+2). Map ----- +----------------------------------------------------+ | ???????????????????????# ! #???? | | ???????????????????????# ] ##???? | | ????????????????????#### ##????? | | ????????????????????#* ! ##?????? | | ??#???????######????# ### ##??????? | | ??# ????### ######=#?#######????? | | ??# ??## #???## ##???? | | ??# ### #??## #???? | | ??# #######?## #???? | | ??# #???##### #???? | | ??##### #???# #???? | | ?????# ##???# ## #???? | | ?????# ###????# ## & ##???? | | ?????# ########## ### & &#????? | | ?????# ## && #????? | | ?????# ? #### #???? | | ?????# ############ #??#####???? | | ?????# ???????????#? ####???????? | | ?????# #??????????## ##??????? | | ?????# ##??????????## ### #??????? | | ???? ????????????# #####??????? | | ???###?????????????# ?# ##??????? | | ???????????????????## ## ####????? | | ????????????????????# ### ###????? | | ????????????????????# ##### ##????? | | ????????????????????# # @# ###????? | | ????????????????????## ###;####????? | | ?????????????????????#########?????? | | ???????????????????????????????????? | | ???????????????????????????????????? | | ???????????????????????????????????? | | ???????????????????????????????????? | | ???????????????????????????????????? | | ???????????????????????????????????? | | ???????????????????????????????????? | | ???????????????????????????????????? | | ???????????????????????????????????? | | ???????????????????????????????????? | | ???????????????????????????????????? | | ???????????????????????????????????? | | ???????????????????????????????????? | | ???????????????????????????????????? | | ???????????????????????????????????? | | ???????????????????????????????????? | | ???????????????????????????????????? | | ???????????????????????????????????? | | ???????????????????????????????????? | | ???????????????????????????????????? | | ???????????????????????????????????? | | ???????????????????????????????????? | +----------------------------------------------------+ Best States ------------- Heat Dissipation 25 Energy Generation 10 Energy Capacity 250 Matter Stores 300 Matter Capacity 300 Sight Range 16 Robot Scan Range 14 Terrain Scan Density 10 Armor Coverage 150 Evasion (%) 44 Item Schematics ----------------- None Robot Schematics ------------------ None Fabricated ------------ Nothing Alien Tech Used ----------------- None Achievements -------------- Part-time Excavator Challenges ------------ None Game ------ Seed SupersonicZhirovStripper Manual? 0 Play Time 01:02:07 Cumulative 37.4 hours Start 2024.04.11 @ 03:18:51 End 2024.04.11 @ 04:22:38 Sessions 1 Manual Loads 0 Difficulty Rogue Special Mode None Game No. 23 Rogue 23 Adventurer 0 Explorer 0 Win Type - Total 1 Types 1/0/0/0/0/0/0/0/0 Lore% 24 Gallery% 26 Achievement% 29 Wizard Run 0 Options --------- Layout 0 ASCII 0 Keyboard 1 Movement Numpad Keybinds 0 Fullscreen 2 Font 18/SmallcapsGlow Map View 76x50 Zoom Use 0% Tactical HUD 1 Map Filters NONE Filters NONE Steam 1 RUN: c72895bc-2d31-446c-9344-3f5e7c0834cc